 Dungeon Crawl Stone Soup version 0.31-a0-331-geda263fcf1 (webtiles) character file.

Game seed: 8570610257129531655

106 AiryTheDragon the Firebug (level 4, -1/30 HPs)
             Began as a Demonspawn Fire Elementalist on July 19, 2023.
             Killed by divine providence
             ... invoked by an orc priest
              (13 damage)
             ... on level 4 of the Dungeon.
             The game lasted 00:19:39 (2228 turns).

AiryTheDragon the Firebug (DsFE)                    Turns: 2228, Time: 00:19:40

Health: -1/30      AC: 11    Str:  9    XL:     4   Next: 55%
Magic:  0/8        EV: 14    Int: 18    God:
Gold:   105        SH:  0    Dex: 13    Spells: 0/8 levels left

rFire   . . .        a - +0 hand axe
rCold   . . .        (no shield)
rNeg    . . .        g - +0 leather armour
rPois   .            h - +1 helmet
rElec   .            q - +0 cloak
rCorr   .            (no gloves)
SInv    .            p - +0 pair of boots
Will    .....        f - amulet of guardian spirit
Stlth   ++           v - +4 ring of protection
HPRegen 0.25/turn    (no ring)
MPRegen 0.22/turn

%: guardian spirit
@: no status effects
A: repulsion field 2, magic regeneration
a: no special abilities


You were on level 4 of the Dungeon.
You visited 1 branch of the dungeon, and saw 4 of its levels.

You collected 105 gold pieces.

Inventory:

Hand Weapons
 a - a +0 hand axe (weapon)
 d - a +0 short sword
 e - a +0 spear
Armour
 g - a +0 leather armour (worn)
 h - a +1 helmet (worn)
 p - a +0 pair of boots (worn)
 q - a +0 cloak (worn)
 u - a +0 scale mail
Jewellery
 f - an amulet of guardian spirit (around neck)
 v - a +4 ring of protection (left hand)
Scrolls
 k - 2 scrolls of teleportation {unknown}
 n - 2 scrolls of poison {unknown}
 o - a scroll of fog {unknown}
 r - 2 scrolls of identify
Potions
 b - a potion of magic
 c - 2 potions of haste
 i - a potion of mutation {unknown}
 j - a potion of brilliance
 l - a potion of curing
 m - a potion of enlightenment {unknown}
 s - 2 potions of ambrosia {unknown}
 t - a potion of lignification {unknown}


   Skills:
 + Level 0.1 Fighting
 + Level 0.3 Short Blades
 + Level 0.4 Axes
 + Level 1.1 Armour
 + Level 2.0 Dodging
 + Level 2.2 Stealth
 + Level 2.7 Spellcasting
 + Level 1.5 Conjurations
 + Level 3.4 Fire Magic


You couldn't memorise any spells.
You knew the following spells:

 Your Spells              Type           Power      Damage    Failure   Level
a - Foxfire               Conj/Fire      44%        2x1d6     9%          1
b - Scorch                Fire           28%        2d6       9%          2
c - Mephitic Cloud        Conj/Pois/Air  4%         N/A       50%         3
d - Call Imp              Summ           4%         N/A       34%         2

Your spell library contained the following spells:

 Spells                   Type           Power      Damage    Failure   Level
 Magic Dart               Conj           32%        1d4       12%         1
 Searing Ray              Conj           16%        2d5       19%         2
 Inner Flame              Hex/Fire       8%         N/A       34%         3
 Volatile Blastmotes      Fire/Tloc      16%        2d11      34%         3
 Flame Wave               Conj/Fire      11%        2d6       63%         4
 Fulminant Prism          Conj/Hex       2%         3d5       86%         4


Dungeon Overview and Level Annotations

Branches:
Dungeon (4/15)
 Temple: D:4-7

Altars:
Cheibriados
Kikubaaqudgha
Nemelex Xobeh


Innate Abilities, Weirdness & Mutations

You are surrounded by a moderate repulsion field. (EV +3)
You regenerate magic rapidly.


Message History

Beogh smites you!
You hit the orc but do no damage.
The orc is severely wounded.
The foxfire hits the orc but does no damage.
The orc is severely wounded.
The orc priest barely misses you.
You barely miss the orc.
The orc is severely wounded.
You hit the orc but do no damage. The orc misses you.
The orc completely misses you. The orc priest closely misses you.
Your magical contamination has completely faded away.
You hit the orc but do no damage.
The orc is severely wounded.
You closely miss the orc. The orc completely misses you.
The orc priest completely misses you. The orc hits you but does no damage.
The orc priest misses you. The orc barely misses you.
The orc closely misses you. The orc priest closely misses you.
The orc hits you but does no damage. x2
You barely miss the orc priest.
The orc priest is heavily wounded.
You hit the orc. You completely miss the orc. You hit the orc.
You kill the orc!
The orc barely misses you. The orc priest closely misses you.
The orc barely misses you.
You barely miss the orc priest.
You punch the orc priest, but do no damage.
The orc priest is heavily wounded.
You closely miss something. You closely miss the orc.
You hit the orc but do no damage. The orc barely misses you.
Something hits you. The orc closely misses you.
The orc priest barely misses you.
You barely miss the orc priest.
The orc priest is heavily wounded.
You closely miss the orc. You hit the orc. You closely miss something.
Something hits you but does no damage. The orc hits you with a +0 dagger.
The orc priest hits you but does no damage.
The orc hits you but does no damage.
The orc priest invokes the aid of Beogh against you.
Beogh smites you!
You die...

#........†.........
...................
#................#
#................# #
#..###...........####.#
#..# #................#
#..###................#
................).....#.
.....##.......$o@{......
.##............o.o....##
. #..#................#
# ##..................#
####......$.!......#
#...............#
#..............?..
##....####..(...##


You could see an orc priest and 2 orcs.

Vanquished Creatures
  Robin (D:2)
  2 adders (D:3)
  A worm (D:3)
  A dart slug (D:1)
  2 orcs (D:4)
  3 bats
  4 endoplasms
  4 giant cockroaches
  14 goblins
  7 hobgoblins
  5 jackals
  4 kobolds
  2 quokkas
  4 ball pythons
  6 frilled lizards
  5 rats
65 creatures vanquished.

Vanquished Creatures (others)
  96 foxfires
96 creatures vanquished.

Grand Total: 161 creatures vanquished

Notes
Turn   | Place    | Note
-------+----------+-------------------------------------------
     0 | D:1      | AiryTheDragon the Demonspawn Fire Elementalist began the
                  | quest for the Orb.
     0 | D:1      | Reached XP level 1. HP: 13/13 MP: 3/3
   129 | D:1      | Gained mutation: You regenerate magic rapidly. [demonic
                  | ancestry]
   129 | D:1      | Reached XP level 2. HP: 19/19 MP: 3/5
   182 | D:1      | Reached skill level 3 in Fire Magic
   202 | D:1      | Learned a level 2 spell: Scorch
   564 | D:1      | Gained mutation: You are surrounded by a mild repulsion
                  | field. (EV +2) [demonic ancestry]
   564 | D:1      | Reached XP level 3. HP: 24/24 MP: 3/6
   991 | D:2      | Noticed Robin
  1004 | D:2      | Killed Robin
  1318 | D:3      | Reached skill level 1 in Armour
  1318 | D:3      | Gained mutation: You are surrounded by a moderate repulsion
                  | field. (EV +3) [demonic ancestry]
  1318 | D:3      | Reached XP level 4. HP: 26/30 MP: 3/8
  1395 | D:3      | Found a sparkling altar of Nemelex Xobeh.
  1395 | D:3      | Found a snail-covered altar of Cheibriados.
  1590 | D:3      | Found an ancient bone altar of Kikubaaqudgha.
  1644 | D:3      | Learned a level 3 spell: Mephitic Cloud
  1647 | D:3      | Learned a level 2 spell: Call Imp
  2228 | D:4      | Killed from afar by an orc priest

Illustrated notes

Levels and vault maps discovered:
D:1:      reono_arrival_forest_river, layout_basic,
          ebering_dispersal_statue_hall, minmay_stone_trees_large
D:2:      layout_rooms, uniq_robin
D:3:      layout_loops_ring, gammafunk_temple_overflow_elements,
          kiku_gazebo_pond_becter
D:4:      cheibrodos_fertilizer, layout_rooms, lemuel_round_altar,
          cheibrodos_sewer_entry_bend, minmay_hollow_rounded_squares

Skill      XL: |  1  2  3 |
---------------+----------+-----
Fire Magic     | 3 |  3.4
Dodging        | 2 |  2.0
Stealth        | 2 |  2.2
Armour         | 1 |  1.1
Fighting       | |  0.1
Short Blades   | |  0.3
Axes           | |  0.4
Spellcasting   | |  2.7
Conjurations   | |  1.5

Action                     |  1- 3 |  4- 6 || total
---------------------------+-------+-------++-------
  Melee: Short sword       |    28 |       ||    28
         Hand axe          |     2 |    30 ||    32
         Punch             |       |     1 ||     1
   Cast: Foxfire           |    40 |    18 ||    58
         Scorch            |    11 |     8 ||    19
    Use: Scroll            |     5 |       ||     5
   Stab: Sleeping          |     3 |     2 ||     5
 Armour: Leather armour    |    10 |    16 ||    26
  Dodge: Dodged            |    25 |    63 ||    88

Table legend: (Time is in decaauts)
 A = Elapsed time spent in this place.
 B = Non-inter-level travel time spent in this place.
 C = Inter-level travel time spent in this place.
 D = Time resting spent in this place.
 E = Time spent auto-exploring this place.
 F = Levels seen in this place.
 G = Mean time per level.
                   A        B        C        D        E       F      G
               +--------+--------+--------+--------+--------+-----+--------+
         Total |   2238 |   2208 |     30 |      0 |   1746 |   4 |  559.5 |
       Dungeon |   2238 |   2208 |     30 |      0 |   1746 |   4 |  559.5 |
               +--------+--------+--------+--------+--------+-----+--------+

Top non-repeatable levels by time:
     D:3: 848 daAuts
     D:1: 805 daAuts
     D:2: 501 daAuts
     D:4: 83 daAuts
